PAA
MERCER ISLAND SCREAMING EAGLES @ SACRAMENTO WHITECAPS
09/11/2020
 
TOP OF THE 1ST
Mercer Island Screaming Eagles batting - Pitching for Sacramento Whitecaps : LHP Addie Samson
Pitching: LHP Addie Samson
Batting: LHB Mike Russell 0-0: Ball
1-0: Called Strike
1-1: Ball
2-1: Ball
3-1: Called Strike
3-2: Strikes out swinging
Batting: RHB Luis Jiménez 0-0: Called Strike
0-1: Foul Ball, location: 2F
0-2: Ball
1-2: Ball
2-2: Foul Ball, location: 2F
2-2: Ground out 6-3 (Groundball, 6M)
Batting: RHB Luis Antonio Hernández 0-0: Called Strike
0-1: Swinging Strike
0-2: Foul Ball, location: 2F
0-2: Ground out 1-3 (Groundball, 15)
Top of the 1st over - 0 run(s), 0 hit(s), 0 error(s), 0 left on base; Mercer Island 0 - Sacramento 0
BOTTOM OF THE 1ST
Sacramento Whitecaps batting - Pitching for Mercer Island Screaming Eagles : LHP Mathies Pilegaard
Pitching: LHP Mathies Pilegaard
Batting: RHB Héctor Galván 0-0: Called Strike
0-1: Ball
1-1: SINGLE (Groundball, 25) (infield hit)
Batting: RHB Dan Mendoza 0-0: Ball
1-0: Ball
2-0: Ball
3-0: Called Strike
3-1: Foul Ball, location: 2F
3-2: Base on Balls
Héctor Galván to second
Batting: RHB José Rivera 0-0: Ball
1-0: Called Strike
1-1: Swinging Strike
1-2: Strikes out swinging
Batting: RHB Randall Parkinson 0-0: Ball
1-0: Ball
2-0: Foul Ball, location: 2F
2-1: Ball
3-1: Fly out, F7 (Flyball, 7M)
Batting: RHB José Valdéz 0-0: Fly out, F9 (Flyball, 9M)
Bottom of the 1st over - 0 run(s), 1 hit(s), 0 error(s), 2 left on base; Mercer Island 0 - Sacramento 0
TOP OF THE 2ND
Mercer Island Screaming Eagles batting - Pitching for Sacramento Whitecaps : LHP Addie Samson
Batting: LHB Nelson Plasenia 0-0: Called Strike
0-1: Ball
1-1: Ground out 4-3 (Groundball, 4)
Batting: SHB Ray Davis 0-0: Ground out 6-3 (Groundball, 6M)
Batting: LHB John Boone 0-0: Ball
1-0: Ball
2-0: Called Strike
2-1: Swinging Strike
2-2: Ball
3-2: Ground out 4-3 (Groundball, 4)
Top of the 2nd over - 0 run(s), 0 hit(s), 0 error(s), 0 left on base; Mercer Island 0 - Sacramento 0
BOTTOM OF THE 2ND
Sacramento Whitecaps batting - Pitching for Mercer Island Screaming Eagles : LHP Mathies Pilegaard
Batting: RHB Álex Escobar 0-0: Ball
1-0: Ball
2-0: Ball
3-0: Base on Balls
Batting: RHB Manny López 0-0: Called Strike
0-1: Swinging Strike
0-2: Ball
1-2: Ball
2-2: Foul Ball, location: 2F
2-2: Ball
3-2: Strikes out looking
Álex Escobar is caught stealing 2nd base
Batter strikes out.
Batting: RHB Jackson Shewman 0-0: Ball
1-0: Fly out, F7 (Flyball, 78M)
Bottom of the 2nd over - 0 run(s), 0 hit(s), 0 error(s), 0 left on base; Mercer Island 0 - Sacramento 0
TOP OF THE 3RD
Mercer Island Screaming Eagles batting - Pitching for Sacramento Whitecaps : LHP Addie Samson
Batting: RHB Kyle Bridges 0-0: Ball
1-0: Ball
2-0: Ball
3-0: Base on Balls
Batting: RHB Luis Rodríguez 0-0: Swinging Strike
0-1: Grounds into double play, 4-6-3 (Groundball, 4)
Batting: SHB Mauro López 0-0: Fly out, F8 (Flyball, 8LD)
Top of the 3rd over - 0 run(s), 0 hit(s), 0 error(s), 0 left on base; Mercer Island 0 - Sacramento 0
BOTTOM OF THE 3RD
Sacramento Whitecaps batting - Pitching for Mercer Island Screaming Eagles : LHP Mathies Pilegaard
Batting: RHB Billy Strauss 0-0: Called Strike
0-1: Ground out 6-3 (Groundball, 6M)
Batting: RHB Héctor Galván 0-0: Ball
1-0: Ball
2-0: Fly out, F8 (Flyball, 8RXD)
Batting: RHB Dan Mendoza 0-0: Called Strike
0-1: Swinging Strike
0-2: Ground out 6-3 (Groundball, 6M)
Bottom of the 3rd over - 0 run(s), 0 hit(s), 0 error(s), 0 left on base; Mercer Island 0 - Sacramento 0
TOP OF THE 4TH
Mercer Island Screaming Eagles batting - Pitching for Sacramento Whitecaps : LHP Addie Samson
Batting: LHB Mike Russell 0-0: SINGLE (Groundball, 4MD) (infield hit)
Batting: RHB Luis Jiménez 0-0: Called Strike
0-1: Called Strike
0-2: Strikes out swinging
Batting: RHB Luis Antonio Hernández 0-0: Ball
1-0: Called Strike
1-1: Fly out, F7 (Flyball, 78M)
Batting: LHB Nelson Plasenia 0-0: Foul Ball, location: 2F
0-1: Foul Ball, location: 2F
0-2: Strikes out swinging
Top of the 4th over - 0 run(s), 1 hit(s), 0 error(s), 1 left on base; Mercer Island 0 - Sacramento 0
BOTTOM OF THE 4TH
Sacramento Whitecaps batting - Pitching for Mercer Island Screaming Eagles : LHP Mathies Pilegaard
Batting: RHB José Rivera 0-0: Ball
1-0: Ball
2-0: SINGLE (Groundball, 13S) (infield hit)
Batting: RHB Randall Parkinson 0-0: Swinging Strike
0-1: Ball
1-1: Ball
Balk!
José Rivera to second
2-1: Ground out 4-3 (Groundball, 4MD)
José Rivera to third
Batting: RHB José Valdéz 0-0: Called Strike
0-1: Ball
1-1: Ball
2-1: Fly out, F6 (Line Drive, 6M)
Batting: RHB Álex Escobar 0-0: Foul Ball, location: 2F
0-1: Swinging Strike
0-2: Fly out, F8 (Flyball, 8LXD)
Bottom of the 4th over - 0 run(s), 1 hit(s), 0 error(s), 1 left on base; Mercer Island 0 - Sacramento 0
TOP OF THE 5TH
Mercer Island Screaming Eagles batting - Pitching for Sacramento Whitecaps : LHP Addie Samson
Batting: SHB Ray Davis 0-0: Ball
1-0: Called Strike
1-1: Foul Ball, location: 2F
1-2: Foul Ball, location: 2F
1-2: Ball
2-2: Foul Ball, location: 2F
2-2: Foul Ball, location: 2F
2-2: Ground out 4-3 (Groundball, 4M)
Batting: LHB John Boone 0-0: Called Strike
0-1: Foul Ball, location: 2F
0-2: Foul Ball, location: 2F
0-2: SINGLE (Flyball, 7S)
Batting: RHB Kyle Bridges 0-0: Ball
1-0: Foul Ball, location: 2F
1-1: Swinging Strike
1-2: Strikes out swinging
Batting: RHB Luis Rodríguez 0-0: Called Strike
0-1: Ball
1-1: DOUBLE (Line Drive, 9D)
John Boone to third
Batting: SHB Mauro López 0-0: Called Strike
0-1: Foul Ball, location: 2F
0-2: Ball
1-2: Ball
2-2: Foul Ball, location: 2F
2-2: SINGLE (Groundball, 34D) (infield hit)
John Boone scores
Luis Rodríguez to third
Batting: LHB Mike Russell 0-0: Called Strike
0-1: Ball
1-1: Ball
2-1: Fielders Choice at 2nd, U4 (Groundball, 4M)
Top of the 5th over - 1 run(s), 3 hit(s), 0 error(s), 2 left on base; Mercer Island 1 - Sacramento 0
BOTTOM OF THE 5TH
Sacramento Whitecaps batting - Pitching for Mercer Island Screaming Eagles : LHP Mathies Pilegaard
Batting: RHB Manny López 0-0: DOUBLE (Line Drive, 7LM)
Batting: RHB Jackson Shewman 0-0: Ball
1-0: Fly out, F3 (Popup, 3F)
Batting: RHB Billy Strauss 0-0: Ground out 4-3 (Groundball, 4S)
Manny López to third
Batting: RHB Héctor Galván 0-0: Ball
1-0: SINGLE (Groundball, 4MD) (infield hit)
Manny López scores
Batting: RHB Dan Mendoza 0-0: Ball
1-0: Ball
2-0: SINGLE (Line Drive, 89M)
Héctor Galván to second
Batting: RHB José Rivera 0-0: Swinging Strike
0-1: Ball
1-1: Ball
2-1: Foul Ball, location: 2F
2-2: Foul Ball, location: 2F
2-2: Ball
3-2: Base on Balls
Héctor Galván to third
Dan Mendoza to second
Batting: RHB Randall Parkinson 0-0: Ball
1-0: Called Strike
1-1: Ball
2-1: Fly out, F4 (Line Drive, 4)
Bottom of the 5th over - 1 run(s), 3 hit(s), 0 error(s), 3 left on base; Mercer Island 1 - Sacramento 1
TOP OF THE 6TH
Mercer Island Screaming Eagles batting - Pitching for Sacramento Whitecaps : LHP Addie Samson
Batting: RHB Luis Jiménez 0-0: Ball
1-0: Foul Ball, location: 2F
1-1: Bunt missed!
1-2: Ball
2-2: SINGLE (Line Drive, 6M)
Batting: RHB Luis Antonio Hernández 0-0: Ball
1-0: Called Strike
1-1: Ball
2-1: Ball
3-1: Called Strike
Luis Jiménez steals 2nd base
3-2: Foul Ball, location: 2F
3-2: Base on Balls
Batting: LHB Nelson Plasenia 0-0: Fielders Choice at 2nd, 6-4 (Groundball, 6)
Luis Jiménez to third
Batting: SHB Ray Davis 0-0: Called Strike
0-1: Ball
1-1: Foul Ball, location: 2F
1-2: Foul Ball, location: 2F
1-2: SINGLE (Groundball, 6MD)
Luis Jiménez scores
Nelson Plasenia to second
Batting: LHB John Boone 0-0: Ground out U3 (Groundball, 3S)
Nelson Plasenia to third
Ray Davis to second
Batting: RHB Kyle Bridges 0-0: Called Strike
0-1: Ball
1-1: Foul Ball, location: 2F
1-2: Ball
2-2: Strikes out swinging
Top of the 6th over - 1 run(s), 2 hit(s), 0 error(s), 2 left on base; Mercer Island 2 - Sacramento 1
BOTTOM OF THE 6TH
Sacramento Whitecaps batting - Pitching for Mercer Island Screaming Eagles : LHP Mathies Pilegaard
Batting: RHB José Valdéz 0-0: Ball
1-0: Swinging Strike
1-1: Ball
2-1: Called Strike
2-2: Foul Ball, location: 2F
2-2: Strikes out swinging
Batting: RHB Álex Escobar 0-0: Fly out, F8 (Flyball, 8RM)
Batting: RHB Manny López 0-0: Called Strike
0-1: Ball
1-1: Ball
2-1: Ball
3-1: Base on Balls
Batting: RHB Jackson Shewman 0-0: Ball
1-0: Ball
2-0: Ball
3-0: Base on Balls
Manny López to second
Batting: RHB Billy Strauss 0-0: Called Strike
0-1: Fly out, F3 (Popup, 3SF)
Bottom of the 6th over - 0 run(s), 0 hit(s), 0 error(s), 2 left on base; Mercer Island 2 - Sacramento 1
TOP OF THE 7TH
Mercer Island Screaming Eagles batting - Pitching for Sacramento Whitecaps : LHP Addie Samson
Batting: RHB Luis Rodríguez 0-0: Foul Ball, location: 2F
0-1: Ground out 3-1 (Groundball, 34S)
Batting: SHB Mauro López 0-0: Ball
1-0: Ball
2-0: Called Strike
2-1: Ground out 6-3 (Groundball, 6)
Batting: LHB Mike Russell 0-0: Ball
1-0: Foul Ball, location: 2F
1-1: Fly out, F5 (Popup, 25F)
Top of the 7th over - 0 run(s), 0 hit(s), 0 error(s), 0 left on base; Mercer Island 2 - Sacramento 1
BOTTOM OF THE 7TH
Sacramento Whitecaps batting - Pitching for Mercer Island Screaming Eagles : LHP Mathies Pilegaard
Batting: RHB Héctor Galván 0-0: Called Strike
0-1: Fly out, F8 (Flyball, 8LM)
Batting: RHB Dan Mendoza 0-0: Called Strike
0-1: Ground out 5-3 (Groundball, 56)
Batting: RHB José Rivera 0-0: Ground out 4-3 (Groundball, 4M)
Bottom of the 7th over - 0 run(s), 0 hit(s), 0 error(s), 0 left on base; Mercer Island 2 - Sacramento 1
TOP OF THE 8TH
Mercer Island Screaming Eagles batting - Pitching for Sacramento Whitecaps : LHP Addie Samson
Batting: RHB Luis Jiménez 0-0: Ground out 5-3 (Groundball, 5L)
Batting: RHB Luis Antonio Hernández 0-0: Fly out, F7 (Flyball, 78M)
Batting: LHB Nelson Plasenia 0-0: Ball
1-0: Called Strike
1-1: Swinging Strike
1-2: DOUBLE (Line Drive, 8RS)
Batting: SHB Ray Davis 0-0: SINGLE (Line Drive, 7S)
Nelson Plasenia to third
Runner from 3rd tries for Home, SAFE, no throw or cutoff
Batting: LHB John Boone 0-0: Ball
1-0: Swinging Strike
1-1: Foul Ball, location: 2F
1-2: Foul Ball, location: 2F
1-2: Strikes out looking
Top of the 8th over - 1 run(s), 2 hit(s), 0 error(s), 1 left on base; Mercer Island 3 - Sacramento 1
BOTTOM OF THE 8TH
Sacramento Whitecaps batting - Pitching for Mercer Island Screaming Eagles : LHP Mathies Pilegaard
Batting: RHB Randall Parkinson 0-0: Fly out, F8 (Flyball, 8LD)
Batting: RHB José Valdéz 0-0: Ball
1-0: Called Strike
1-1: Ball
2-1: Ball
3-1: Ground out 4-3 (Groundball, 4)
Batting: RHB Álex Escobar 0-0: Called Strike
0-1: Ball
1-1: Ball
2-1: Called Strike
2-2: Ball
3-2: Foul Ball, location: 2F
3-2: Base on Balls
Batting: RHB Manny López 0-0: SINGLE (Line Drive, 56D)
Álex Escobar to second
Pinch Hitting: RHB Randy García 0-0: Called Strike
0-1: Ball
1-1: Ball
2-1: Ball
3-1: Ground out 6-3 (Groundball, 6)
Bottom of the 8th over - 0 run(s), 1 hit(s), 0 error(s), 2 left on base; Mercer Island 3 - Sacramento 1
TOP OF THE 9TH
Mercer Island Screaming Eagles batting - Pitching for Sacramento Whitecaps : LHP Addie Samson
Pitching: RHP Pablo Solano
Now at 3B: Aurelio Costello
Batting: RHB Kyle Bridges 0-0: Ball
1-0: Ball
2-0: Called Strike
2-1: Foul Ball, location: 2F
2-2: Foul Ball, location: 2F
2-2: Ball
3-2: Foul Ball, location: 2F
3-2: Foul Ball, location: 2F
3-2: Base on Balls
Batting: RHB Luis Rodríguez 0-0: Bunted foul
0-1: Sac Bunt - play at first, batter OUT! 1-4
Kyle Bridges to second
Batting: SHB Mauro López 0-0: Foul Ball, location: 2F
0-1: Ball
1-1: Foul Ball, location: 2F
1-2: Foul Ball, location: 2F
1-2: Fly out, F6 (Popup, 56D)
Batting: LHB Mike Russell 0-0: Ball
1-0: Ball
2-0: Called Strike
2-1: Ball
3-1: Base on Balls
Pinch Hitting: LHB Luis Costello 0-0: Ball
1-0: Ball
2-0: Called Strike
2-1: Foul Ball, location: 2F
2-2: Foul Ball, location: 2F
2-2: Ball
3-2: Ground out U3 (Groundball, 3)
Top of the 9th over - 0 run(s), 0 hit(s), 0 error(s), 2 left on base; Mercer Island 3 - Sacramento 1
BOTTOM OF THE 9TH
Sacramento Whitecaps batting - Pitching for Mercer Island Screaming Eagles : LHP Mathies Pilegaard
Pitching: RHP José Contreras
Now at 3B: Luis Costello
Batting: RHB Billy Strauss 0-0: TRIPLE (Flyball, 89M)
Batting: RHB Héctor Galván 0-0: Ball
1-0: DOUBLE (Line Drive, 5)
Billy Strauss scores
Batting: RHB Dan Mendoza 0-0: Called Strike
0-1: Ball
1-1: Called Strike
1-2: Ball
2-2: Ground out 6-3 (Groundball, 6M)
Héctor Galván to third
Pinch Hitting: RHB Cullen Spencer 0-0: Called Strike
0-1: Ball
1-1: Ball
2-1: Ball
3-1: Base on Balls
Pinch Hitting: LHB Lee Williams 0-0: Ball
1-0: Called Strike
1-1: Ball
2-1: Ball
3-1: Foul Ball, location: 2F
3-2: Foul Ball, location: 2F
3-2: Foul Ball, location: 2F
3-2: Base on Balls
Cullen Spencer to second
Pinch Hitting: RHB Bryan Armstrong 0-0: Called Strike
0-1: Foul Ball, location: 2F
0-2: Grounds into double play, 4-2-3 (Groundball, 4M)
Bottom of the 9th over - 1 run(s), 2 hit(s), 0 error(s), 2 left on base; Mercer Island 3 - Sacramento 2
This league is powered by Out of the Park Baseball, the baseball management simulation game for PC, Mac and Linux
Friday, October 23rd, 2015 - OOTP Baseball 16.9 Build 39